 Dungeon Crawl Stone Soup version 0.23.2-30-g0e89c35649 (webtiles) character file.

Game seed: 11996568336382222977

18775 Glalom the Arsonist (level 12, -2/101 HPs)
             Began as a Purple Draconian Fire Elementalist on June 13, 2019.
             Was an Elder of Sif Muna.
             Slain by a yak (14 damage)
             ... on level 1 of the Lair of Beasts.
             The game lasted 00:58:22 (17336 turns).

Glalom the Arsonist (DrFE)                         Turns: 17336, Time: 00:58:22

Health: -2/101     AC: 12    Str: 10    XL:     12   Next: 30%
Magic:  9/24       EV: 14    Int: 16    God:    Sif Muna [****..]
Gold:   579        SH:  0    Dex: 18    Spells: 6/27 levels left

rFire    + + .     SeeInvis +   F - staff of cold
rCold    . . .     Gourm    .   (no shield)
rNeg     . . .     Faith    .   (armour unavailable)
rPois    +         Spirit   .   g - +0 hat
rElec    .         Reflect  .   o - +0 cloak
rCorr    .         Harm     .   j - +1 pair of gloves
MR       +....                  E - +0 pair of boots {Stlth+}
Stlth    +++.......             m - amulet of regeneration
HPRegen  0.66/turn              h - ring of fire
MPRegen  0.19/turn              u - ring of Crawling {rPois rF+ Int-4 Dex+5 SInv}

@: no status effects
A: breathe power, unfitting armour, cold-blooded, AC +8
a: Breathe Dispelling Energy, Divine Energy, Channel Magic, Forget Spell,
Renounce Religion


You were on level 1 of the Lair of Beasts.
You worshipped Sif Muna.
Sif Muna was greatly pleased with you.
You were hungry.

You visited 3 branches of the dungeon, and saw 11 of its levels.
You also visited: Bailey and Ice Cave.

You collected 839 gold pieces.
You spent 260 gold pieces at shops.

Inventory:

Hand Weapons
 a - a +0 club
 n - a +5 rapier
 I - the +1 long sword of Mippopuz {antimagic, rPois rF+ rN+ Dex-3}
   (You found it on level 9 of the Dungeon)

   It reduces the magical energy of the wielder, and disrupts the spells and
   magical abilities of those hit.
   Natural abilities and divine invocations are not affected.
   It affects your dexterity (-3).
   It protects you from fire.
   It protects you from poison.
   It protects you from negative energy.
 P - a +1 arbalest of freezing
Armour
 g - a +0 hat (worn)
 j - a +1 pair of gloves (worn)
 o - a +0 cloak (worn)
 E - a +0 pair of boots of stealth (worn)
Magical Staves
 F - an uncursed staff of cold (weapon)
Jewellery
 d - a cursed ring of teleportation
 h - a ring of fire (left hand)
 m - an amulet of regeneration (around neck)
 u - the ring of Crawling (right hand) {rPois rF+ Int-4 Dex+5 SInv}
   (You found it on level 4 of the Dungeon)

   [ring of poison resistance]

   It affects your intelligence (-4).
   It affects your dexterity (+5).
   It protects you from fire.
   It protects you from poison.
   It lets you see invisible.
 D - an uncursed amulet of magic regeneration {unknown}
 O - an uncursed ring of ice {unknown}
Wands
 e - a wand of random effects (26)
 p - a wand of iceblast (10)
 B - a wand of acid (21)
 C - a wand of paralysis (15)
 G - a wand of scattershot (7)
Scrolls
 f - 5 scrolls of remove curse
 l - 2 scrolls of identify
 r - 2 scrolls of enchant weapon
 t - 2 scrolls of fog
 v - 2 scrolls of blinking
 y - 4 scrolls of teleportation
 J - a scroll of enchant armour
 K - a scroll of fear
 L - a scroll of vulnerability
Potions
 c - 3 potions of might
 i - 2 potions of heal wounds {unknown}
 k - a potion of cancellation {unknown}
 q - a potion of haste {unknown}
 s - 5 potions of curing
 w - a potion of agility {unknown}
 x - 2 potions of ambrosia {unknown}
 z - 2 potions of invisibility {unknown}
 A - a potion of mutation {unknown}
 M - 2 potions of flight {unknown}
Miscellaneous
 H - a lamp of fire (inert)
Comestibles
 b - 20 rations
 N - a chunk of flesh


   Skills:
 - Level 8.0 Fighting
 - Level 4.0 Dodging
 - Level 1.7 Stealth
 - Level 8.0 Spellcasting
 - Level 10.0 Conjurations
 + Level 1.3 Summonings
 - Level 10.0 Fire Magic
 - Level 5.0 Ice Magic
 + Level 7.3 Invocations
 + Level 7.2 Evocations


You had 6 spell levels left.
You knew the following spells:

 Your Spells              Type           Power        Failure   Level  Hunger
a - Flame Tongue          Conj/Fire      #####        1%          1    None
b - Conjure Flame         Conj/Fire      ######..     1%          3    ##.....
c - Sticky Flame          Conj/Fire      ######..     1%          4    ####...
d - Fireball              Conj/Fire      ######....   4%          5    #####..
e - Throw Icicle          Conj/Ice       #####...     4%          4    ####...
f - Summon Ice Beast      Ice/Summ       ###.....     30%         4    ####...

Your spell library contained the following spells:

 Spells                   Type           Power        Failure   Level  Hunger
 Freeze                   Ice            ####         1%          1    None
 Throw Flame              Conj/Fire      ######       1%          2    None
 Throw Frost              Conj/Ice       #####.       1%          2    None
 Inner Flame              Hex/Fire       ####....     4%          3    ##.....
 Beastly Appendage        Tmut           #.....       11%         1    None
 Ozocubu's Armour         Chrm/Ice       ###.....     12%         3    ##.....
 Sticks to Snakes         Tmut           #.......     17%         2    None
 Spider Form              Tmut/Pois      #.........   32%         3    ##.....
 Ice Form                 Ice/Tmut       ###.....     36%         4    ####...
 Blade Hands              Tmut           #.........   97%         5    #####..
 Haunt                    Necr/Summ      #.........   100%        7    #######
 Borgnjor's Revivificati  Necr           #.........   100%        8    #######
 Death's Door             Chrm/Necr      #.........   100%        8    #######
 Infestation              Necr           #.........   100%        8    #######
 Necromutation            Tmut/Necr      #.........   100%        8    #######


Dungeon Overview and Level Annotations

Branches:
Dungeon (9/15)             Temple (1/1) D:7            Lair (1/6) D:9
    Orc: D:9-12

Altars:
Ashenzari
Cheibriados
Dithmenos
Elyvilon
Fedhas
Gozag
Hepliaklqana
Kikubaaqudgha
Makhleb
Nemelex Xobeh
Okawaru
Qazlal
Ru
Sif Muna
Trog
Uskayaw
Vehumet
Wu Jian
Xom
Yredelemnul
Zin
The Shining One

Shops:
D:2 *   D:7 %   D:9 [(?(


Innate Abilities, Weirdness & Mutations

You can breathe bolts of dispelling energy.
Your rich purple scales are hard. (AC +8)
You cannot fit into any form of body armour.
You are cold-blooded and may be slowed by cold attacks.


Message History

You kill the blink frog!
Sif Muna accepts your kill. The yak gores you!
* * * LOW HITPOINT WARNING * * *
The blink frog hits you!
* * * LOW HITPOINT WARNING * * *
The blink frog blinks!
Unknown command.
The blink frog blinks!
Casting: Flame Tongue (safe; 1% risk of failure)
Confirm with . or Enter, or press ? or * to list all spells.
Aiming: Sticky Flame (safe; 1% risk of failure)
Press: ? - help, Shift-Dir - straight line, f - yak
Aim: a yak You feel a surge of power!
The sticky flame hits the yak!
The yak is moderately wounded.
The yak is covered in liquid flames!
You are feeling hungry.
The yak burns!
The yak gores you!
You die...

#...#.....##
#...###.....## ...#
##.....#### ####..
..#
##.....#.###P#.#..
# .#
##.....###........#
##.......≈...# ..#
#........#≈.##..##
##....#÷.≈#≈#....#
#.@.≈#...≈#.#..#
#.YY≈#.....≈...##
#...≈#..........#
#..§§#####......#
##F§§≈≈≈≈...##.##
#.§§......##
##F§.§.>#.##
#..§..§####
##.F...##


You could see 2 yaks and 2 blink frogs.

Vanquished Creatures
  A frost giant (IceCv)
  A death yak (IceCv)
  2 black mambas (Lair:1)
  An ice statue (IceCv)
  Joseph (D:9)
  3 rime drakes
  20 polar bears (IceCv)
  Grinder (D:5)
  3 hippogriffs
  A blink frog (Lair:1)
  A shadow (D:9)
  22 yaks
  2 hogs (D:7)
  A human (D:7)
  A black bear (Lair:1)
  10 orc warriors
  3 ogres
  3 sky beasts
  2 phantoms
  13 wolves (IceCv)
  5 centaurs
  An eye of draining (D:9)
  2 crocodiles
  5 bullfrogs
  A wyvern zombie (D:9)
  A wyvern skeleton (D:4)
  2 scorpions (D:5)
  20 killer bees
  3 wights (D:7)
  4 howler monkeys
  3 crimson imps
  3 jellies
  A bullfrog zombie (D:8)
  3 hounds
  4 orc wizards
  7 orc priests
  2 centaur skeletons
  2 iguanas
  2 worker ants
  A killer bee zombie (D:8)
  2 hound zombies
  A worker ant zombie (D:7)
  8 gnolls
  7 adders
  2 shadow imps
  3 oozes
  2 adder zombies
  4 worms
  4 dart slugs
  6 leopard geckos
  24 orcs
  5 giant cockroaches
  11 goblins
  15 hobgoblins
  11 jackals
  2 quokkas
  2 ball pythons
  7 bats
  3 frilled lizards
  6 kobolds
  6 rats
295 creatures vanquished.

Notes
Turn   | Place    | Note
-------+----------+-------------------------------------------
     0 | D:1      | Glalom the Draconian Fire Elementalist began the quest for
                  | the Orb.
     0 | D:1      | Reached XP level 1. HP: 14/14 MP: 3/3
   144 | D:1      | Reached XP level 2. HP: 11/20 MP: 0/5
   905 | D:1      | Reached XP level 3. HP: 25/26 MP: 1/6
  1154 | D:1      | Learned a level 3 spell: Conjure Flame
  1871 | D:2      | Found Gozag's Platinum Reserve.
  1873 | D:2      | Found an opulent altar of Gozag.
  2672 | D:2      | Reached XP level 4. HP: 33/33 MP: 3/8
  3041 | D:3      | Learned a level 4 spell: Sticky Flame
  3428 | D:3      | Found an ancient bone altar of Kikubaaqudgha.
  3581 | D:3      | Reached XP level 5. HP: 38/38 MP: 6/9
  3821 | D:4      | Noticed a phantom
  3895 | D:4      | Got a translucent glass ring
  3896 | D:4      | Identified the ring of Crawling {rPois rF+ Int-4 Dex+5
                  | SInv} (You found it on level 4 of the Dungeon)
  3919 | D:4      | Noticed an ogre
  3922 | D:4      | Reached XP level 6. HP: 45/45 MP: 0/11
  4155 | D:4      | Reached skill level 5 in Fire Magic
  4876 | D:5      | Entered Level 5 of the Dungeon
  4935 | D:5      | Your scales start taking on a rich purple colour.
  4935 | D:5      | Reached skill level 5 in Spellcasting
  4935 | D:5      | Reached XP level 7. HP: 32/50 MP: 5/14
  5089 | D:5      | Noticed Grinder
  5097 | D:5      | Killed Grinder
  5097 | D:5      | Reached skill level 5 in Conjurations
  5318 | D:5      | Reached skill level 1 in Fighting
  5391 | D:5      | Reached XP level 8. HP: 59/59 MP: 12/15
  6897 | D:6      | Found an iron altar of Okawaru.
  6943 | D:6      | Reached skill level 1 in Evocations
  7420 | D:7      | Found Ceyxames's Food Boutique.
  7704 | D:7      | Found a staircase to the Ecumenical Temple.
  7711 | Temple   | Entered the Ecumenical Temple
  7919 | Temple   | Became a worshipper of Sif Muna the Loreminder
  8209 | D:7      | Reached XP level 9. HP: 71/71 MP: 7/16
  8572 | D:7      | Reached skill level 5 in Fighting
  8573 | D:7      | Reached skill level 1 in Invocations
  8981 | D:7      | Learned a level 5 spell: Fireball
  9295 | D:8      | Reached * piety under Sif Muna
  9296 | D:8      | Found a flagged portal.
  9304 | Bailey   | Entered a bailey
 10465 | D:8      | Reached XP level 10. HP: 81/81 MP: 14/17
 10466 | D:8      | Found a glowing golden altar of the Shining One.
 10846 | D:8      | Reached ** piety under Sif Muna
 11410 | D:9      | Noticed Joseph
 11425 | D:9      | Killed Joseph
 11882 | D:9      | Reached skill level 5 in Evocations
 12058 | D:9      | Found Hawidep's Armour Boutique.
 12088 | D:9      | Got an encrusted long sword
 12089 | D:9      | Identified the +1 long sword of Mippopuz {antimagic, rPois
                  | rF+ rN+ Dex-3} (You found it on level 9 of the Dungeon)
 12167 | D:9      | Found Qucheuc's Antique Weapon Emporium.
 12172 | D:9      | Reached skill level 5 in Invocations
 12304 | D:9      | Found Gojuvuse's Magic Scroll Shoppe.
 12388 | D:9      | Bought a scroll of blinking for 75 gold pieces
 12388 | D:9      | Bought a scroll of enchant armour for 75 gold pieces
 12388 | D:9      | Bought a scroll of fear for 35 gold pieces
 12388 | D:9      | Bought a scroll of vulnerability for 75 gold pieces
 12443 | D:9      | Found Botik's Antique Weapon Emporium.
 12742 | D:9      | Found a staircase to the Lair.
 13270 | Lair:1   | Entered Level 1 of the Lair of Beasts
 13278 | Lair:1   | Learned a level 4 spell: Throw Icicle
 13304 | Lair:1   | Noticed a black mamba
 13321 | Lair:1   | Killed a black mamba
 13321 | Lair:1   | Reached *** piety under Sif Muna
 13321 | Lair:1   | Reached skill level 1 in Ice Magic
 13502 | Lair:1   | Reached XP level 11. HP: 76/89 MP: 6/20
 13541 | Lair:1   | Found a frozen archway.
 13685 | IceCv    | Entered an ice cave
 14197 | IceCv    | HP: 3/89 [something] (36)]
 14613 | IceCv    | Reached **** piety under Sif Muna
 14641 | IceCv    | HP: 4/91 [polar bear (4)]
 14992 | IceCv    | Reached skill level 10 in Fire Magic
 15192 | IceCv    | Reached skill level 10 in Conjurations
 15749 | IceCv    | Reached skill level 5 in Ice Magic
 15898 | IceCv    | Reached XP level 12. HP: 82/101 MP: 20/24
 15973 | IceCv    | Noticed a death yak
 15973 | IceCv    | Noticed a frost giant
 15995 | IceCv    | Killed a death yak
 16195 | IceCv    | Killed a frost giant
 16503 | IceCv    | Learned a level 4 spell: Summon Ice Beast
 17326 | Lair:1   | Reached skill level 1 in Summonings
 17336 | Lair:1   | Slain by a yak

Skill      XL: |  1  2  3  4  5  6  7  8  9 10 11 12 |
---------------+-------------------------------------+-----
Conjurations   | 2 3 4 5 7 8 9 10 | 10.0
Spellcasting   | 3 5 6 8 |  8.0
Fire Magic     | 4 5 6 8 9 10 | 10.0
Dodging        | 2 3 4 |  4.0
Fighting       | 1 3 5 8 |  8.0
Evocations     | 2 3 5 7 |  7.2
Invocations    | 3 5 7 |  7.3
Ice Magic      | 1 5 |  5.0
Summonings     | 1 |  1.3
Stealth        | |  1.7

Action                   |  1- 3 |  4- 6 |  7- 9 | 10-12 || total
-------------------------+-------+-------+-------+-------++-------
Melee: Unarmed           |     4 |       |       |       ||     4
       Club              |    32 |       |       |       ||    32
       Tailslap          |     1 |     3 |     7 |    14 ||    25
       Rapier            |       |    17 |    47 |       ||    64
       Staff             |       |       |    37 |    89 ||   126
       Long sword        |       |       |       |     9 ||     9
 Cast: Flame Tongue      |    80 |    84 |   244 |   405 ||   813
       Conjure Flame     |     1 |       |       |     3 ||     4
       Sticky Flame      |       |     1 |    24 |    53 ||    78
       Fireball          |       |       |     1 |    15 ||    16
       Throw Icicle      |       |       |       |     2 ||     2
Invok: Channel Magic     |       |       |       |     2 ||     2
 Abil: Breathe Dispellin |       |       |     1 |     3 ||     4
Evoke: Wand              |       |       |     2 |       ||     2
       Lamp of fire      |       |       |       |     1 ||     1
  Use: Scroll            |       |     3 |     5 |     4 ||    12
       Potion            |       |       |       |     1 ||     1
 Stab: Sleeping          |       |       |     1 |       ||     1
  Eat: Chunk             |     4 |     6 |    16 |    24 ||    50
       Ration            |     1 |       |     2 |     3 ||     6
Armor: Skin              |    28 |     6 |    75 |   183 ||   292
Dodge: Dodged            |    44 |    19 |   169 |   354 ||   586
       Rpst.: Long sword |       |       |       |     1 ||     1
